 Dungeon Crawl Stone Soup version 0.15.0-16-gce31824 (webtiles) character file.

157 HungrySpirit the Sneak (level 5, 0/26 HPs)
             Began as a Vine Stalker Assassin on Sept 5, 2014.
             Slain by Grinder (4 damage)
             ... on Level 3 of the Dungeon.
             The game lasted 00:04:13 (1694 turns).

HungrySpirit the Sneak (Vine Stalker Assassin)      Turns: 1694, Time: 00:04:15

HP   0/26        AC  5     Str 14      XL: 5   Next: 38%
MP   0/16        EV 12     Int 11      God:
Gold 94          SH  0     Dex 16      Spells:  0 memorised,  4 levels left

rFire  . . .     SeeInvis .     a - +2 dagger
rCold  + . .     Clarity  .     h - +1 leather armour {rC+}
rNeg   . . .     rCorr    +     (no shield)
rPois  .         rRot     +     (no helmet)
rElec  .         Spirit   +     d - +0 cloak
SustAb .         Warding  .     (no gloves)
rMut   .         Stasis   .     (no boots)
Gourm  .                        o - amulet of resist corrosion
MR     .....                    (no ring)
                                u - ring of magical power

@: slowed, very slow, not resistant to hostile enchantments, fairly stealthy
A: fangs 2, regeneration 1, magic shield, antimagic bite, no device heal 3, rot
immunity
a: no special abilities


You were on level 3 of the Dungeon.
You were hungry.

You visited 1 branch of the dungeon, and saw 3 of its levels.

You collected 94 gold pieces.

Inventory:

Hand weapons
 a - a +2 dagger (weapon)
 b - a +0 blowgun
 s - a +0 short sword
Missiles
 e - 8 poisoned needles
 f - 2 curare-tipped needles
Armour
 d - a +0 cloak (worn)
 h - a +1 leather armour of cold resistance (worn)
Comestibles
 g - 5 bread rations
 i - 2 beef jerkies
 n - 2 rotting chunks of orc flesh
Scrolls
 r - 2 scrolls of remove curse
Jewellery
 o - an amulet of resist corrosion (around neck)
 u - a ring of magical power (left hand)
 v - an uncursed ring of teleportation
Potions
 c - 6 potions of curing {unknown}
 j - a potion of resistance
 k - 2 potions of heal wounds {unknown}
 m - a potion of porridge
 t - a potion of brilliance


   Skills:
 - Level 1.7 Fighting
 * Level 4.1 Short Blades
 - Level 1.7 Throwing
 + Level 2.3 Dodging
 - Level 4.8 Stealth


You had 4 spell levels left.
You didn't know any spells.

Dungeon Overview and Level Annotations

Branches:
Dungeon (3/15)

Altars:
Qazlal

Annotations:
D:3 Grinder


Innate Abilities, Weirdness & Mutations

You have extremely sharp teeth.
Your natural rate of healing is unusually fast.
When hurt, damage is shared between your health and your magic reserves.
Your bite disrupts and absorbs the magic of your enemies.
Potions and wands cannot restore your health.
You are immune to rotting.


Message History

Grinder gestures at you. You resist.
There is an open door here.
Grinder gestures at you. Pain shoots through your body!
Grinder gestures at you. Pain shoots through your body!
Grinder grins, showing sharp teeth.
Grinder gestures at you.
You suddenly lose the ability to move!
Your magical contamination has completely faded away.
You can move again.
Unknown command.
Grinder gestures at you. Pain shoots through your body!
* * * LOW HITPOINT WARNING * * *
Grinder hits you.
* * * LOW HITPOINT WARNING * * *
You writhe in agony.
You die...

#)###.....####.........###..).###
#.....[...# #.......#......##
#####.##### ##.....##.##.#.# #.#
##...###.##.#.# #.# ##'##
#.##.#.## #.# #.# #.##....# #.#
#.# #.......# #.# #########.##
#######.# #.# #......@5..## #.#
#.# #.##........#### #.# #.#
#.#........#...#####.#
#.####.#.....#.##.#.....>.#
#...................#######
######.##....######## #.#####.#
#.......# #########


You could see Grinder.

Vanquished Creatures
  Sigmund (D:2)
  2 adders (D:2)
  A worm (D:2)
  6 orcs
  9 bats
  2 giant cockroaches (D:2)
  13 hobgoblins
  3 jackals (D:1)
  A quokka (D:3)
  2 giant geckos
  3 giant newts
  4 goblins
  A kobold (D:2)
  2 rats
50 creatures vanquished.

Notes
Turn   | Place    | Note
--------------------------------------------------------------
     0 | D:1      | HungrySpirit, the Vine Stalker Assassin, began the quest for the Orb.
     0 | D:1      | Reached XP level 1. HP: 11/11 MP: 1/1
   157 | D:1      | Reached skill level 1 in Dodging
   176 | D:1      | Reached XP level 2. HP: 15/15 MP: 3/3
   449 | D:1      | You fall through a shaft!
   459 | D:2      | Reached XP level 3. HP: 18/18 MP: 4/4
   555 | D:2      | Noticed Sigmund
   557 | D:2      | Killed Sigmund
   557 | D:2      | Reached XP level 4. HP: 23/23 MP: 5/5
   584 | D:2      | Reached XP level 5. HP: 21/26 MP: 4/7
  1071 | D:2      | Found a stormy altar of Qazlal.
  1644 | D:3      | Noticed Grinder
  1666 | D:3      | Paralysed by Grinder for 2 turns
  1676 | D:3      | Paralysed by Grinder for 4 turns
  1687 | D:3      | Paralysed by Grinder for 6 turns
  1694 | D:3      | Slain by Grinder

Action                   |  1- 3 |  4- 6 || total
-------------------------+-------+-------++-------
Melee: Dagger            |    65 |    89 ||   154
  Use: Scroll            |       |     7 ||     7
       Potion            |       |     1 ||     1
 Stab: Sleeping          |     1 |     3 ||     4
  Eat: Chunk             |       |     2 ||     2
